PAA
NORTHVILLE ECLIPSE @ NUEVO MEXICO MARIACHIS
09/01/2042
 
TOP OF THE 1ST
Northville Eclipse batting - Pitching for Nuevo Mexico Mariachis : RHP William Burkett
Pitching: RHP William Burkett
Batting: LHB Jorge Napolez 0-0: Foul Ball, location: 2F
0-1: Foul Ball, location: 2F
0-2: Ball
1-2: Strikes out looking
Batting: RHB Daniel Marley 0-0: Called Strike
0-1: Ball
1-1: Called Strike
1-2: SINGLE (Flyball, 78S, EV 91.9 MPH)
Batting: RHB Ricardo Urby 0-0: Ball
1-0: Called Strike
1-1: Foul Ball, location: 2F
1-2: Strikes out swinging
Batting: RHB Jesús Mancebo 0-0: Ball
1-0: Called Strike
1-1: Swinging Strike
1-2: Foul Ball, location: 2F
1-2: Foul Ball, location: 2F
1-2: Ground out 4-3 (Groundball, 4, EV 85.6 MPH)
Top of the 1st over - 0 runs, 1 hit, 0 errors, 1 left on base; Northville 0 - Nuevo Mexico 0
BOTTOM OF THE 1ST
Nuevo Mexico Mariachis batting - Pitching for Northville Eclipse : RHP John Seawright
Pitching: RHP John Seawright
Batting: RHB José Salas 0-0: Called Strike
0-1: Ball
1-1: Foul Ball, location: 2F
1-2: Ball
2-2: Ball
3-2: Foul Ball, location: 2F
3-2: Foul Ball, location: 2F
3-2: SINGLE (Groundball, 56D, EV 108.8 MPH)
Batting: RHB Jaime Montés 0-0: Swinging Strike
0-1: Ball
1-1: Ball
2-1: Ball
3-1: Fielders Choice at 2nd, 4-6 (Groundball, 4, EV 100.0 MPH)
Batting: LHB Carlos Díaz 0-0: Foul Ball, location: 2F
0-1: Ball
1-1: Ball
2-1: Ball
3-1: Called Strike
3-2: Base on Balls
Jaime Montés to second
Batting: LHB Albert Porter 0-0: Fly out, F5 (Popup, 5SF, EV 65.6 MPH)
Batting: LHB Greg Rogers 0-0: Called Strike
0-1: Fly out, F7 (Flyball, 7D, EV 101.2 MPH)
Bottom of the 1st over - 0 runs, 1 hit, 0 errors, 2 left on base; Northville 0 - Nuevo Mexico 0
TOP OF THE 2ND
Northville Eclipse batting - Pitching for Nuevo Mexico Mariachis : RHP William Burkett
Batting: SHB Shing Li 0-0: Called Strike
0-1: Ball
1-1: Ball
2-1: Ball
3-1: Foul Ball, location: 2F
3-2: Foul Ball, location: 2F
3-2: Base on Balls
Batting: RHB Kuan Pi 0-0: Grounds into double play, 4-6-3 (Groundball, 34, EV 83.8 MPH)
Batting: RHB Lex van Esch 0-0: Ball
1-0: Foul Ball, location: 2F
1-1: Ball
2-1: Foul Ball, location: 2F
2-2: Foul Ball, location: 2F
2-2: Ball
3-2: Fly out, F7 (Flyball, 78S, EV 80.0 MPH)
Top of the 2nd over - 0 runs, 0 hits, 0 errors, 0 left on base; Northville 0 - Nuevo Mexico 0
BOTTOM OF THE 2ND
Nuevo Mexico Mariachis batting - Pitching for Northville Eclipse : RHP John Seawright
Batting: RHB Marvin Clark 0-0: Ball
1-0: Ball
2-0: Foul Ball, location: 2F
2-1: Ball
3-1: Base on Balls
Batting: RHB Pedro Santos 0-0: Called Strike
0-1: Foul Ball, location: 2F
0-2: Ball
1-2: Strikes out looking
Batting: RHB Sergio Dávalos 0-0: Ball
1-0: Ball
2-0: Called Strike
2-1: Foul Ball, location: 2F
2-2: Fly out, F8 (Line Drive, 8RM, EV 88.1 MPH)
Batting: RHB Ramón Rodríguez 0-0: Foul Ball, location: 2F
0-1: Ball
1-1: Ball
2-1: Called Strike
2-2: Strikes out looking
Bottom of the 2nd over - 0 runs, 0 hits, 0 errors, 1 left on base; Northville 0 - Nuevo Mexico 0
TOP OF THE 3RD
Northville Eclipse batting - Pitching for Nuevo Mexico Mariachis : RHP William Burkett
Batting: RHB Junji Ito 0-0: Called Strike
0-1: Foul Ball, location: 2F
0-2: SINGLE (Line Drive, 6M, EV 95.0 MPH)
Batting: RHB Bastien Oudin 0-0: Called Strike
0-1: Ball
1-1: Ball
2-1: Swinging Strike
2-2: Ball
3-2: Foul Ball, location: 2F
3-2: Strikes out swinging
Junji Ito steals 2nd base
Batter strikes out.
Batting: LHB Jorge Napolez 0-0: Called Strike
Junji Ito is caught stealing 3rd base 2-5
0-1: Ball
1-1: Ball
2-1: Called Strike
2-2: SINGLE (Line Drive, 7S, EV 93.8 MPH)
Batting: RHB Daniel Marley 0-0: Fly out, F8 (Flyball, 8LM, EV 88.8 MPH)
Top of the 3rd over - 0 runs, 2 hits, 0 errors, 1 left on base; Northville 0 - Nuevo Mexico 0
BOTTOM OF THE 3RD
Nuevo Mexico Mariachis batting - Pitching for Northville Eclipse : RHP John Seawright
Batting: RHB José Salas 0-0: Ball
1-0: Ball
2-0: Called Strike
2-1: Foul Ball, location: 2F
2-2: Foul Ball, location: 2F
2-2: Foul Ball, location: 2F
2-2: Foul Ball, location: 2F
2-2: Ground out 6-3 (Groundball, 6, EV 86.2 MPH)
Batting: RHB Jaime Montés 0-0: Ground out 5-3 (Groundball, 5, EV 100.0 MPH)
Batting: LHB Carlos Díaz 0-0: Fly out, F7 (Flyball, 78M, EV 76.9 MPH)
Bottom of the 3rd over - 0 runs, 0 hits, 0 errors, 0 left on base; Northville 0 - Nuevo Mexico 0
TOP OF THE 4TH
Northville Eclipse batting - Pitching for Nuevo Mexico Mariachis : RHP William Burkett
Batting: RHB Ricardo Urby 0-0: Ball
1-0: Swinging Strike
1-1: Foul Ball, location: 2F
1-2: Ball
2-2: Foul Ball, location: 2F
2-2: Fly out, F7 (Flyball, 7S, EV 88.8 MPH)
Batting: RHB Jesús Mancebo 0-0: Swinging Strike
0-1: Ball
1-1: Fly out, F9 (Flyball, 89S, EV 88.1 MPH)
Batting: SHB Shing Li 0-0: Swinging Strike
0-1: Foul Ball, location: 2F
0-2: Foul Ball, location: 2F
0-2: Ball
1-2: Ball
2-2: Foul Ball, location: 2F
2-2: Fly out, F5 (Popup, 5F, EV 63.1 MPH)
Top of the 4th over - 0 runs, 0 hits, 0 errors, 0 left on base; Northville 0 - Nuevo Mexico 0
BOTTOM OF THE 4TH
Nuevo Mexico Mariachis batting - Pitching for Northville Eclipse : RHP John Seawright
Batting: LHB Albert Porter 0-0: Ball
1-0: Ball
2-0: Called Strike
2-1: Ball
3-1: Foul Ball, location: 2F
3-2: Foul Ball, location: 2F
3-2: Base on Balls
Batting: LHB Greg Rogers 0-0: Foul Ball, location: 2F
0-1: Foul Ball, location: 2F
0-2: Strikes out swinging
Batting: RHB Marvin Clark 0-0: Ball
1-0: Swinging Strike
1-1: Foul Ball, location: 2F
1-2: Ball
2-2: Strikes out swinging
Batting: RHB Pedro Santos 0-0: Called Strike
0-1: 2-RUN HOME RUN (Flyball, 7D, EV 92.5 MPH), Distance : 376 ft
Batting: RHB Sergio Dávalos 0-0: Foul Ball, location: 2F
0-1: Fly out, F8 (Flyball, 89D, EV 86.9 MPH)
Bottom of the 4th over - 2 runs, 1 hit, 0 errors, 0 left on base; Northville 0 - Nuevo Mexico 2
TOP OF THE 5TH
Northville Eclipse batting - Pitching for Nuevo Mexico Mariachis : RHP William Burkett
Batting: RHB Kuan Pi 0-0: Ball
1-0: Ball
2-0: Ball
3-0: Base on Balls
Batting: RHB Lex van Esch 0-0: Ball
1-0: Fly out, F9 (Flyball, 9LS, EV 85.0 MPH)
Batting: RHB Junji Ito 0-0: Ball
1-0: 2-RUN HOME RUN (Line Drive, 7LD, EV 110.6 MPH), Distance : 378 ft
Batting: RHB Bastien Oudin 0-0: Foul Ball, location: 2F
0-1: Foul Ball, location: 2F
0-2: Reached via error on a dropped throw from SS, E3 (Groundball, 56, EV 108.1 MPH)
Batting: LHB Jorge Napolez 0-0: Ball
1-0: SINGLE (Flyball, 7S, EV 83.8 MPH)
Bastien Oudin to second
Batting: RHB Daniel Marley 0-0: Foul Ball, location: 2F
0-1: Foul Ball, location: 2F
0-2: Ball
1-2: Strikes out swinging
Batting: RHB Ricardo Urby 0-0: Ball
1-0: Ball
2-0: Called Strike
2-1: SINGLE (Groundball, 6MD, EV 103.8 MPH)
Bastien Oudin to third
Jorge Napolez to second
Runner from 3rd tries for Home, SAFE, no throw by CF
Batting: RHB Jesús Mancebo 0-0: Called Strike
0-1: Foul Ball, location: 2F
0-2: Ball
1-2: Strikes out swinging
Top of the 5th over - 3 runs, 3 hits, 1 error, 2 left on base; Northville 3 - Nuevo Mexico 2
BOTTOM OF THE 5TH
Nuevo Mexico Mariachis batting - Pitching for Northville Eclipse : RHP John Seawright
Batting: RHB Ramón Rodríguez 0-0: Ball
1-0: Ball
2-0: Ball
3-0: Ground out 6-3 (Groundball, 6, EV 101.9 MPH)
Batting: RHB José Salas 0-0: Ball
1-0: Called Strike
1-1: Foul Ball, location: 2F
1-2: Ground out 5-3 (Groundball, 5S, EV 83.1 MPH)
Batting: RHB Jaime Montés 0-0: Ball
1-0: Foul Ball, location: 2F
1-1: Ball
2-1: Foul Ball, location: 2F
2-2: Ball
3-2: Foul Ball, location: 2F
3-2: Strikes out looking
Bottom of the 5th over - 0 runs, 0 hits, 0 errors, 0 left on base; Northville 3 - Nuevo Mexico 2
TOP OF THE 6TH
Northville Eclipse batting - Pitching for Nuevo Mexico Mariachis : RHP William Burkett
Batting: SHB Shing Li 0-0: Called Strike
0-1: Ball
1-1: Foul Ball, location: 2F
1-2: SINGLE (Groundball, 4D, EV 110.6 MPH)
Batting: RHB Kuan Pi 0-0: Ball
1-0: Ball
2-0: Called Strike
2-1: Ball
3-1: Called Strike
3-2: Hit by Pitch
Shing Li to second
Pitching: RHP Ron Gray
Batting: RHB Lex van Esch 0-0: Foul Ball, location: 2F
0-1: Sac Bunt to 5S - play at first, batter OUT! 5-3
Shing Li to third
Kuan Pi to second
Batting: RHB Junji Ito 0-0: Foul Ball, location: 2F
0-1: Ball
1-1: Ball
2-1: SINGLE (Flyball, 78S, EV 86.2 MPH)
Shing Li scores
Kuan Pi to third
Batting: RHB Bastien Oudin 0-0: Ball
1-0: Ball
2-0: Called Strike
2-1: Ball
3-1: Swinging Strike
3-2: Ground out 5-3 (Groundball, 56, EV 110.6 MPH)
Kuan Pi scores
Junji Ito to second
Batting: LHB Jorge Napolez 0-0: Foul Ball, location: 2F
0-1: Fly out, F6 (Popup, 56, EV 61.9 MPH)
Top of the 6th over - 2 runs, 2 hits, 0 errors, 1 left on base; Northville 5 - Nuevo Mexico 2
BOTTOM OF THE 6TH
Nuevo Mexico Mariachis batting - Pitching for Northville Eclipse : RHP John Seawright
Batting: LHB Carlos Díaz 0-0: Foul Ball, location: 2F
0-1: Called Strike
0-2: Strikes out looking
Batting: LHB Albert Porter 0-0: Called Strike
0-1: Ball
1-1: Foul Ball, location: 2F
1-2: SINGLE (Line Drive, 34, EV 96.2 MPH)
Batting: LHB Greg Rogers 0-0: Foul Ball, location: 2F
0-1: Ball
1-1: Foul Ball, location: 2F
1-2: Ball
2-2: Foul Ball, location: 2F
2-2: Foul Ball, location: 2F
2-2: DOUBLE (Flyball, 89XD, EV 111.9 MPH)
Albert Porter to third
Runner from 3rd tries for Home, SAFE, no throw by CF
Batting: RHB Marvin Clark 0-0: Ball
1-0: Ball
2-0: Ball
3-0: Called Strike
3-1: Ground out 6-3 (Groundball, 6, EV 89.4 MPH)
Greg Rogers to third
Batting: RHB Pedro Santos 0-0: Called Strike
0-1: Ground out 4-3 (Groundball, 4, EV 86.2 MPH)
Bottom of the 6th over - 1 run, 2 hits, 0 errors, 1 left on base; Northville 5 - Nuevo Mexico 3
TOP OF THE 7TH
Northville Eclipse batting - Pitching for Nuevo Mexico Mariachis : RHP Ron Gray
Batting: RHB Daniel Marley 0-0: Foul Ball, location: 2F
0-1: Fly out, F3 (Line Drive, 3, EV 71.9 MPH)
Batting: RHB Ricardo Urby 0-0: Ball
1-0: Called Strike
1-1: Ball
2-1: Ball
3-1: Foul Ball, location: 2F
3-2: Base on Balls
Batting: RHB Jesús Mancebo 0-0: Foul Ball, location: 2F
0-1: Ball
1-1: Grounds into double play, 5-4-3 (Groundball, 5L, EV 102.5 MPH)
Top of the 7th over - 0 runs, 0 hits, 0 errors, 0 left on base; Northville 5 - Nuevo Mexico 3
BOTTOM OF THE 7TH
Nuevo Mexico Mariachis batting - Pitching for Northville Eclipse : RHP John Seawright
Batting: RHB Sergio Dávalos 0-0: Ball
1-0: SINGLE (Line Drive, 89M, EV 85.0 MPH)
Pitching: RHP Juan Colón
Batting: RHB Ramón Rodríguez 0-0: Foul Ball, location: 2F
0-1: Swinging Strike
0-2: Strikes out swinging
Batting: RHB José Salas 0-0: Swinging Strike
0-1: Ball
1-1: Fly out, F9 (Flyball, 9LSF, EV 90.0 MPH)
Batting: RHB Jaime Montés 0-0: SINGLE (Line Drive, 89S, EV 108.1 MPH)
Sergio Dávalos to second
Batting: LHB Carlos Díaz 0-0: Called Strike
0-1: Foul Ball, location: 2F
0-2: Ball
1-2: Foul Ball, location: 2F
1-2: Foul Ball, location: 2F
1-2: Strikes out swinging
Bottom of the 7th over - 0 runs, 2 hits, 0 errors, 2 left on base; Northville 5 - Nuevo Mexico 3
TOP OF THE 8TH
Northville Eclipse batting - Pitching for Nuevo Mexico Mariachis : RHP Ron Gray
Batting: SHB Shing Li 0-0: Swinging Strike
0-1: Ball
1-1: Foul Ball, location: 2F
1-2: SOLO HOME RUN (Flyball, 9D, EV 103.1 MPH), Distance : 353 ft
Batting: RHB Kuan Pi 0-0: Foul Ball, location: 2F
0-1: Foul Ball, location: 2F
0-2: Ball
1-2: Ball
2-2: Ground out 6-3 (Groundball, 6, EV 111.9 MPH)
Batting: RHB Lex van Esch 0-0: SINGLE (Groundball, 6MD, EV 106.9 MPH)
Batting: RHB Junji Ito 0-0: Ball
1-0: Ball
2-0: Fly out, F9 (Line Drive, 9, EV 105.0 MPH)
Batting: RHB Bastien Oudin 0-0: Ball
1-0: Ball
2-0: Swinging Strike
2-1: Ground out 4-3 (Groundball, 4, EV 82.5 MPH)
Top of the 8th over - 1 run, 2 hits, 0 errors, 1 left on base; Northville 6 - Nuevo Mexico 3
BOTTOM OF THE 8TH
Nuevo Mexico Mariachis batting - Pitching for Northville Eclipse : RHP Juan Colón
Batting: LHB Albert Porter 0-0: Ball
1-0: Foul Ball, location: 2F
1-1: Ball
2-1: Ball
3-1: Base on Balls
Batting: LHB Greg Rogers 0-0: Called Strike
0-1: Ball
1-1: Ball
2-1: Foul Ball, location: 2F
2-2: Ball
3-2: DOUBLE (Line Drive, 7LM, EV 115.6 MPH)
Albert Porter to third
Runner from 3rd tries for Home, SAFE, no throw by LF
Batting: RHB Marvin Clark 0-0: Fly out, F9 (Flyball, 89D, EV 86.9 MPH)
Runner from 2nd tags up, SAFE at 3rd, no throw by RF
Batting: RHB Pedro Santos 0-0: Swinging Strike
0-1: Foul Ball, location: 2F
0-2: Ball
1-2: Ball
2-2: Strikes out swinging
Batting: RHB Sergio Dávalos 0-0: Ball
1-0: Ball
2-0: Called Strike
2-1: Ball
3-1: Called Strike
3-2: Strikes out swinging
Bottom of the 8th over - 1 run, 1 hit, 0 errors, 1 left on base; Northville 6 - Nuevo Mexico 4
TOP OF THE 9TH
Northville Eclipse batting - Pitching for Nuevo Mexico Mariachis : RHP Ron Gray
Batting: LHB Jorge Napolez 0-0: Foul Ball, location: 2F
0-1: SINGLE (Line Drive, 4MD, EV 98.1 MPH)
Pitching: RHP Edwin Perry
Batting: RHB Daniel Marley 0-0: Ball
1-0: Ball
2-0: Foul Ball, location: 2F
2-1: Called Strike
2-2: Ball
3-2: Strikes out swinging
Batting: RHB Ricardo Urby 0-0: Called Strike
Jorge Napolez steals 2nd base
0-1: Ball
1-1: Intentional Walk
Batting: RHB Jesús Mancebo 0-0: Ball
1-0: Foul Ball, location: 2F
1-1: Foul Ball, location: 2F
1-2: Strikes out looking
Batting: SHB Shing Li 0-0: Foul Ball, location: 2F
0-1: Ball
1-1: Foul Ball, location: 2F
1-2: Ball
2-2: Foul Ball, location: 2F
2-2: Foul Ball, location: 2F
2-2: Ball
3-2: Foul Ball, location: 2F
3-2: Ground out 6-3 (Groundball, 6, EV 98.1 MPH)
Top of the 9th over - 0 runs, 1 hit, 0 errors, 2 left on base; Northville 6 - Nuevo Mexico 4
BOTTOM OF THE 9TH
Nuevo Mexico Mariachis batting - Pitching for Northville Eclipse : RHP Juan Colón
Pitching: RHP Monte Evans
Batting: RHB Ramón Rodríguez 0-0: Ball
1-0: Ball
2-0: Foul Ball, location: 2F
2-1: SINGLE (Groundball, 6D, EV 103.1 MPH)
Pinch Hitting: LHB Gustavo Zamora 0-0: Called Strike
0-1: Called Strike
0-2: Foul Ball, location: 2F
0-2: Ball
1-2: Foul Ball, location: 2F
1-2: Ground out 4-3 (Groundball, 34S, EV 67.5 MPH)
Ramón Rodríguez to second
Batting: RHB Jaime Montés 0-0: Foul Ball, location: 2F
0-1: Called Strike
0-2: Ground out 4-3 (Groundball, 4, EV 100.0 MPH)
Ramón Rodríguez to third
Batting: LHB Carlos Díaz 0-0: Swinging Strike
0-1: Fly out, F9 (Flyball, 9S, EV 85.6 MPH)
Bottom of the 9th over - 0 runs, 1 hit, 0 errors, 1 left on base; Northville 6 - Nuevo Mexico 4
Friday, March 26th, 2021 - OOTP Baseball 20.8 Build 74